 Dungeon Crawl Stone Soup version 0.31.0-4-g52a2dc7128 (webtiles) character file.

Game seed: 9764858354012348673

7093 Implojin the Slicer (level 11, -1/57 HPs)
             Began as a Tengu Delver on Jan 21, 2024.
             Was a Follower of Hepliaklqana.
             Killed from afar by an acid dragon (26 damage)
             ... with a splash of acid
             ... on level 9 of the Dungeon.
             The game lasted 00:23:58 (10019 turns).

Implojin the Slicer (Tengu Delver)                 Turns: 10019, Time: 00:23:58

Health: -1/57      AC:  7    Str: 12 (13) XL:     11   Next: 9%
Magic:  12/12      EV: 37    Int:  9 (10) God:    Hepliaklqana [*.....]
Gold:   528        SH:  0    Dex: 18 (20) Spells: 10/10 levels left

rFire   . . .        w - +1 short sword (holy)
rCold   . . .        (no shield)
rNeg    . . .        L - +2 robe {Will+}
rPois   +            (helmet restricted)
rElec   .            F - +2 cloak
rCorr   .            (no gloves)
SInv    .            (boots unavailable)
Will    +....        (no amulet)
Stlth   +++++        u - +4 ring of protection
HPRegen 0.29/turn    j - ring of poison resistance
MPRegen 0.13/turn

%: acrobat
@: corroded, acrobatic, flying
A: reduced essence, beak, talons 3, evasive flight, acrobatic
a: Renounce Religion, Recall Ancestor, Ancestor Identity


You were on level 9 of the Dungeon.
You worshipped Hepliaklqana.
Hepliaklqana was aware of your devotion.
You visited 2 branches of the dungeon, and saw 10 of its levels.

You collected 528 gold pieces.

Inventory:

Hand Weapons
 a - a +0 great sword
 o - a +0 long sword
 w - a +1 short sword of holy wrath (weapon)
 Q - a +0 whip of venom
Missiles
 h - 95 stones
 B - 5 poisoned darts (quivered)
 D - a curare-tipped dart
 O - 2 boomerangs
Armour
 i - a +0 leather armour of fire resistance
 l - a +0 plate armour
 F - a +2 cloak (worn)
 G - a +0 scale mail
 H - a +0 ring mail
 J - the +0 leather armour of Freedom {Int+3}
   (You found it on level 6 of the Dungeon)

   Int+3:     It affects your intelligence (+3).
 L - a +2 robe of willpower (worn)
Jewellery
 j - a ring of poison resistance (right hand)
 u - a +4 ring of protection (left hand)
 M - a ring of ice
 P - a ring of protection from fire
Wands
 g - a wand of digging (3)
 r - a wand of polymorph (5)
 t - a wand of flame (30)
Scrolls
 c - a scroll of fog
 e - 2 scrolls of amnesia {unknown}
 k - 2 scrolls of noise {unknown}
 m - a scroll of enchant armour
 n - 2 scrolls of brand weapon {unknown}
 q - a scroll of silence
 x - 4 scrolls of vulnerability {unknown}
 y - a scroll of poison
 E - a scroll of blinking {unknown}
 I - 2 scrolls of torment {unknown}
Potions
 b - a potion of brilliance
 d - a potion of lignification {unknown}
 p - a potion of magic
 s - a potion of degeneration
 z - 2 potions of mutation
 A - 3 potions of attraction
 C - a potion of heal wounds {unknown}
 K - a potion of enlightenment {unknown}
 N - a potion of berserk rage {unknown}


   Skills:
 - Level 6.0 Fighting
 * Level 11.6 Short Blades
 - Level 3.0 Throwing
 - Level 9.7 Dodging
 - Level 10.0 Stealth


You had 10 spell levels left.
You didn't know any spells.
Your spell library contained the following spells:

 Spells                   Type           Power      Damage    Failure   Level
 Kiss of Death            Conj/Necr      0%         2d5       38%         1
 Sting                    Conj/Alch      0%         1d3       38%         1
 Summon Small Mammal      Summ           0%         N/A       38%         1
 Call Imp                 Summ           0%         N/A       52%         2
 Mercury Vapours          Alch/Air       0%         N/A       52%         2
 Sublimation of Blood     Necr           0%         N/A       52%         2
 Call Canine Familiar     Summ           0%         N/A       77%         3
 Mephitic Cloud           Conj/Alch/Air  0%         N/A       77%         3
 Sigil of Binding         Hex            0%         N/A       77%         3
 Tukima's Dance           Hex            0%         N/A       77%         3
 Vampiric Draining        Necr           0%         2d6       77%         3
 Dimensional Bullseye     Hex/Tloc       0%         N/A       99%         4
 Olgreb's Toxic Radiance  Alch           0%         N/A       99%         4
 Passage of Golubria      Tloc           0%         N/A       99%         4
 Summon Blazeheart Golem  Fire/Summ      0%         N/A       99%         4
 Yara's Violent Unravell  Hex/Alch       0%         3d3       100%        5
 Plasma Beam              Fire/Air       0%         2x1d10    100%        6
 Summon Hydra             Summ           0%         N/A       100%        7


Dungeon Overview and Level Annotations

Branches:
Dungeon (9/15)             Temple (1/1) D:6
   Lair: D:8-11         Orc: D:9-12

Altars:
Ashenzari
Cheibriados
Dithmenos
Elyvilon
Fedhas
Gozag
Hepliaklqana
Kikubaaqudgha
Makhleb
Okawaru
Qazlal
Ru
Sif Muna
Trog
Uskayaw
Vehumet
Wu Jian
Xom
Yredelemnul
Zin
The Shining One

Portals:
Bailey: D:9

Annotations:
D:4 3 runed translucent doors, exclusion: 3 doors, LoggersVIII's ghost, novice OpEE
D:8 Grum
D:9 Erolcha


Innate Abilities, Weirdness & Mutations

Your life essence is reduced to manifest your ancestor. (-10% HP)
You have a beak for a mouth.
You have claws for feet.
Your magical flight helps you evade attacks. (EV +4)
You can magically evade attacks while moving or waiting.


Message History

The two-headed ogre is almost dead.
Aiming: Throw Flame
Press: ? - help, Shift-Dir - straight line, f/p - two-headed ogre
Aim: a two-headed ogre, wielding two +0 giant clubs (almost dead, very poisoned, 85% to hit)
The puff of flame hits the two-headed ogre.
You kill the two-headed ogre!
Things that are here:
a +0 giant club; a +0 giant club
B - a poisoned dart
B - 2 poisoned darts (gained 1)
D - a curare-tipped dart
B - 3 poisoned darts (gained 1)
B - 4 poisoned darts (gained 1)
B - 5 poisoned darts (gained 1)
Found a quarterstaff.
Found a halberd.
Found a spear, a halberd and 2 curare-tipped darts.
Found a flagged portal. 🦀🦀🦀 emerges from the mists of memory!
You hear the steady creaking of a portcullis very nearby.
You swap places.
Okay, then.
You swap places.
You start resting.
An acid dragon is nearby!
You swap places.
You start resting.
You hear the quick creaking of a portcullis nearby.
You swap places.
It was a potion of degeneration.
There was something very wrong with that liquid.
You feel weakened.
You feel dopey.
You feel clumsy. The acid dragon spits acid at you.
The splash of acid hits you! The acid corrodes you!
Danger: Low HP Warning |T3| Reason: 40% HP (23/57)
Found a halberd.
Found a red potion.
The acid dragon spits acid at you. The splash of acid hits you!!
You die...

#..# #<.# *,* #..#
#..########*,*
#..########..........,,*
#.......:............,,*
#...######...########***
#...# #...#########
#...# #...##.(....##
....# #...##..)....#
....# #...##.@∩).#.**
#...# #.......).....#
#...# #....RD.......#
#...######............!#
#......................#
#...######.............#
#.†.# #)............#
#...# #.............#
#...# #.....)......,*


You could see the friendly 🦀🦀🦀 the ancestor and an acid dragon (catching breath,
ally target).

Vanquished Creatures
  A two-headed ogre (D:9)
  A tengu warrior (D:8)
  Maurice (D:8)
  A slime creature (D:8)
  4 yaks
  A steam dragon (D:8)
  4 water moccasins
  3 black bears
  3 ice beasts
  An orc warrior (D:8)
  A sky beast (D:8)
  A centaur (D:9)
  An ogre (D:4)
  3 wolves
  3 phantoms
  2 kobold brigands (D:7)
  A bullfrog (D:6)
  3 scorpions (D:6)
  5 wights (D:6)
  6 killer bees (D:7)
  A howler monkey (D:9)
  2 bombardier beetles
  A gnoll bouda (D:5)
  4 jellies
  Crazy Yiuf (D:4)
  3 orc priests
  2 sleepcaps
  3 hounds
  2 iguanas
  4 orc wizards
  6 gnolls
  4 adders
  A shadow imp (D:8)
  2 ufetubi (D:6)
  3 dart slugs
  4 ribbon worms
  19 orcs
  14 endoplasms
  7 giant cockroaches
  5 goblins
  11 hobgoblins
  A jackal (D:3)
  3 quokkas
  4 ball pythons
  3 bats
  4 frilled lizards
  23 kobolds
  3 rats
186 creatures vanquished.

Vanquished Creatures (collateral kills)
  A deep elf pyromancer (D:8)
  2 trolls (D:8)
  A yak (D:9)
  An orc warrior (D:8)
  2 orcs (D:8)
7 creatures vanquished.

Vanquished Creatures (others)
  5 ancestors
5 creatures vanquished.

Grand Total: 198 creatures vanquished

Notes
Turn   | Place    | Note
-------+----------+-------------------------------------------
     0 | D:5      | Implojin the Tengu Delver began the quest for the Orb.
     0 | D:5      | Reached XP level 1. HP: 14/14 MP: 2/2
    17 | D:4      | Reached skill level 3 in Short Blades
    17 | D:4      | Reached XP level 2. HP: 14/19 MP: 3/3
    56 | D:4      | Noticed a phantom
   351 | D:2      | Reached XP level 3. HP: 23/23 MP: 4/4
   535 | D:1      | Reached skill level 4 in Short Blades
  1911 | D:2      | Reached XP level 4. HP: 28/28 MP: 5/5
  1956 | D:2      | Identified a scroll of acquirement
  2029 | D:2      | Acquired a +4 ring of protection
  2207 | D:2      | Reached skill level 5 in Short Blades
  2510 | D:3      | Reached XP level 5. HP: 32/32 MP: 6/6
  2902 | D:3      | Found an ornate altar of the Wu Jian Council.
  2908 | D:3      | Found a white marble altar of Elyvilon.
  2911 | D:3      | Found a sacrificial altar of Ru.
  3028 | D:3      | Found a faded altar of an unknown god.
  3138 | D:4      | Found a runed translucent gate.
  3138 | D:4      | Found a runed translucent gate.
  3140 | D:4      | Noticed a sky beast
  3140 | D:4      | Noticed LoggersVIII's ghost (novice OpEE)
  3141 | D:4      | Found a runed translucent gate.
  3172 | D:4      | Reached skill level 6 in Short Blades
  3246 | D:4      | Found a runed translucent door.
  3247 | D:4      | Noticed Crazy Yiuf
  3265 | D:4      | Noticed an ogre
  3506 | D:4      | Killed a phantom
  3507 | D:4      | Reached XP level 6. HP: 36/37 MP: 7/7
  4126 | D:4      | Found a blossoming altar of Fedhas.
  4126 | D:4      | Found a snail-covered altar of Cheibriados.
  4126 | D:4      | Found a shimmering blue altar of Sif Muna.
  4126 | D:4      | Found a glowing golden altar of the Shining One.
  4126 | D:4      | Found an ancient bone altar of Kikubaaqudgha.
  4126 | D:4      | Found a blossoming altar of Fedhas.
  4291 | D:4      | Noticed a black bear
  4516 | D:5      | Reached skill level 5 in Dodging
  4516 | D:5      | Gained mutation: Your magical flight helps you evade
                  | attacks. (EV +4) [Tengu growth]
  4516 | D:5      | Reached XP level 7. HP: 41/41 MP: 8/8
  4530 | D:5      | Found an opulent altar of Gozag.
  5565 | D:5      | Found an opulent altar of Gozag.
  6114 | D:6      | Reached XP level 8. HP: 46/46 MP: 9/9
  6340 | D:6      | Reached skill level 7 in Short Blades
  6514 | D:6      | Got the Directory of Feathery Darkness
  6538 | D:6      | Reached skill level 8 in Short Blades
  6639 | D:6      | Found a staircase to the Ecumenical Temple.
  6853 | D:6      | Identified the +0 leather armour of Freedom {Int+3}
  7010 | D:6      | Reached skill level 9 in Short Blades
  7028 | D:7      | Reached XP level 9. HP: 48/52 MP: 10/10
  7066 | Temple   | Entered the Ecumenical Temple
  7073 | Temple   | Became a worshipper of Hepliaklqana the Forgotten
  7423 | D:7      | Reached skill level 10 in Short Blades
  7443 | D:7      | Reached skill level 1 in Throwing
  7453 | D:7      | Found a radiant altar of Vehumet.
  8024 | D:8      | Noticed Grum
  8174 | D:8      | Noticed Maurice
  8183 | D:8      | Something stole a ring of protection from fire
  8189 | D:8      | Something stole a curare-tipped dart
  8193 | D:8      | Killed Maurice
  8194 | D:8      | Reached XP level 10. HP: 50/56 MP: 2/11
  8300 | D:8      | Reached * piety under Hepliaklqana
  8381 | D:8      | Noticed a deep elf pyromancer
  8391 | D:8      | Killed a deep elf pyromancer
  8570 | D:8      | Noticed a tengu warrior
  9069 | D:4      | Paralysed by Crazy Yiuf for 1 turns
  9073 | D:4      | Killed Crazy Yiuf
  9371 | D:8      | Noticed a two-headed ogre
  9437 | D:8      | Reached skill level 10 in Stealth
  9460 | D:9      | Found an ancient bone altar of Kikubaaqudgha.
  9466 | D:9      | Found a bloodstained altar of Trog.
  9575 | D:9      | Noticed Erolcha
  9646 | D:8      | Killed a tengu warrior
  9647 | D:8      | Reached skill level 5 in Fighting
  9825 | D:9      | Reached skill level 11 in Short Blades
  9825 | D:9      | Reached XP level 11. HP: 26/57 MP: 12/12
  9885 | D:9      | Noticed a two-headed ogre
  9921 | D:9      | Killed a two-headed ogre
  9950 | D:9      | Found a flagged portal.
 10019 | D:9      | Killed from afar by an acid dragon

Illustrated notes

Levels and vault maps discovered:
D:1:      matt_arrival_grand_opening, layout_loops_corners, serial_forest,
          infiniplex_forest_lined_corner, infiniplex_forest_lined_3,
          infiniplex_forest_lined_2, infiniplex_forest_lined_room_3,
          infiniplex_forest_corner_1, infiniplex_forest_end_3,
          minmay_misc_feat_ornament, grunt_decor_arrowhead, serial_bayou_pond_c
D:2:      kb_forest_paths, layout_rooms
D:3:      layout_basic, minmay_overflow_temple_star_quad,
          nicolae_ecumenical_lake_church, minmay_misc_feat_tower, minmay_between
D:4:      cheibrodos_fertilizer, layout_basic, gammafunk_ghost_split,
          ldierk_geyser, uniq_crazy_yiuf_cottage
D:5:      layout_basic, mainiacjoe_overflow_concentric_impassable
D:6:      layout_cave_pools, minmay_temple_entry_from_below_b, serial_glass,
          glass_columns_a, glass_columns_c
D:7:      layout_basic, nicolae_vehumet_radiance
D:8:      layout_layer_cave, kb_rosetta, uniq_maggie, uniq_prince_ribbit1,
          uniq_grum, uniq_maurice
D:9:      bobbens_index_wilting_gardens, layout_small_grid,
          mainiacjoe_overflow_divided_tiny, enter_bailey_2, uniq_erolcha
Temple:   eino_temple_lava

Skill      XL: |  1  2  3  4  5  6  7  8  9 10 |
---------------+-------------------------------+-----
Short Blades   | 3 4 5 6 9 10 11 | 11.6
Stealth        | 6 7 10 | 10.0
Dodging        | 5 7 9 |  9.7
Fighting       | 4 6 |  6.0
Throwing       | 3 |  3.0

Action                     |  1- 3 |  4- 6 |  7- 9 | 10-12 || total
---------------------------+-------+-------+-------+-------++-------
  Melee: Short sword       |    91 |   123 |   379 |   187 ||   780
         Kick              |    23 |    38 |   138 |    68 ||   267
         Peck              |     9 |    16 |    90 |    48 ||   163
         Punch             |     1 |       |     5 |     4 ||    10
  Throw: Stone             |       |     1 |    22 |     1 ||    24
         Boomerang         |       |    13 |    17 |     6 ||    36
         Dart              |       |     4 |     2 |     6 ||    12
 Invoke: Recall Ancestor   |       |       |       |     2 ||     2
         Ancestor Identity |       |       |       |     1 ||     1
  Evoke: Wand              |       |       |     6 |    12 ||    18
    Use: Scroll            |     2 |     6 |     4 |     5 ||    17
         Potion            |       |     1 |       |     2 ||     3
   Stab: Sleeping          |     7 |    10 |     7 |     1 ||    25
         Distracted        |       |     1 |       |     1 ||     2
 Armour: Leather armour    |    23 |    41 |    42 |       ||   106
         Robe              |       |       |    45 |    59 ||   104
  Dodge: Dodged            |    58 |    61 |   258 |   159 ||   536
